Map: Lerilak Crest

Players

PiG - Winner!

  • Race: Zerg Zerg
  • League: Grandmaster

iaguz

  • Race: Terran Terran

Event: 2016 WCS Winter Challenger Oceania SEA

VOD

Have the link to the VOD?

Description

Time

  • Played on: Feb. 12, 2016, 10:43 p.m.
  • Length: 6:32

All games in this series

Show
View Real Time Build Order
Export as new Build Order

PiG Zerg - Winner!

Build Orders: Hatch First, Ravager All-In 

Get SALT Encoding   

  12  0:00  Drone  
  13  0:13  Overlord  
  13  0:16  Drone  
  14  0:31  Drone x2  
  14  0:35  Drone  
  17  0:52  Hatchery  
  17  0:55  Drone  
  17  0:58  Drone  
  18  1:12  Spawning Pool, Extractor  
  18  1:16  Drone  
  17  1:19  Drone  
  18  1:28  Drone  
  19  1:39  Overlord  
  19  1:51  Drone  
  20  1:59  Queen  
  20  2:00  Zergling x2  
  23  2:04  Zergling x2, Queen  
  26  2:11  Zergling x2  
  26  2:13  Metabolic Boost  
  27  2:18  Drone  
  28  2:23  Extractor  
  27  2:35  Drone x2  
  28  2:39  Queen  
  31  2:47  Drone x2  
  33  2:56  Overlord  
  33  2:57  Drone  
  34  3:04  Drone  
  35  3:08  Hatchery  
  35  3:09  Overlord x2  
  35  3:12  Drone  
  35  3:16  Drone x2  
  35  3:19  Drone x2  
  39  3:25  Drone  
  40  3:35  Drone  
  40  3:36  Drone, Roach Warren, Extractor x2  
  40  3:39  Drone  
  40  3:43  Drone x2  
  40  3:45  Drone  
  40  3:48  Drone x2  
  45  3:50  Drone  
  45  3:52  Drone  
  47  4:03  Overlord x2  
  47  4:16  Roach x5  
  57  4:21  Roach x2  
  61  4:26  Roach  
  61  4:30  Overlord  
  63  4:33  Spore Crawler  
  63  4:35  Zergling x4  
  63  4:36  Zergling x4  
  66  4:47  Zergling x12  
  72  4:59  Ravager x5  
  77  5:05  Zergling x6  
  78  5:13  Zergling x8  
  80  5:16  Ravager x2  
  82  5:32  Zergling x4  
  82  5:33  Zergling x10  
  87  5:46  Zergling x10  
  78  6:02  Zergling x14  
Show
View Real Time Build Order
Export as new Build Order

iaguz Terran 

Build Orders: Liberator Opening, Reaper Expand 

Get SALT Encoding   

  12  0:00  SCV  
  13  0:12  SCV  
  14  0:17  Supply Depot  
  14  0:25  SCV  
  15  0:38  SCV  
  15  0:39  Barracks  
  16  0:45  Refinery  
  16  0:50  SCV  
  17  1:02  SCV  
  18  1:14  SCV  
  19  1:26  Orbital Command  
  19  1:29  Reaper  
  20  1:40  Command Center  
  20  1:49  Supply Depot  
  20  1:53  SCV  
  21  2:00  Marine  
  22  2:06  Factory  
  22  2:08  SCV  
  23  2:12  Refinery  
  23  2:20  SCV  
  24  2:28  Barracks Reactor  
  24  2:32  SCV  
  26  2:44  SCV  
  26  2:55  Starport  
  26  2:56  SCV, Orbital Command  
  26  3:02  Bunker  
  26  3:07  Hellion  
  26  3:08  SCV  
  26  3:09  Hellion  
  26  3:10  Marine  
  32  3:20  SCV  
  32  3:23  SCV  
  34  3:28  Hellion  
  34  3:30  Hellion  
  38  3:35  Supply Depot, Medivac  
  38  3:40  SCV x2  
  42  3:41  Marine  
  43  3:50  Liberator  
  43  3:51  Widow Mine  
  43  3:52  SCV  
  46  3:56  SCV, Widow Mine  
  49  4:03  Barracks Tech Lab  
  49  4:04  SCV  
  49  4:05  Supply Depot  
  49  4:08  SCV  
  54  4:24  Command Center  
  54  4:26  SCV x2  
  54  4:27  Marine  
  54  4:29  Stimpack  
  57  4:37  Factory Tech Lab  
  57  4:38  Supply Depot, SCV x2  
  57  4:43  Supply Depot  
  57  4:45  Marine  
  60  4:50  SCV x2  
  60  4:51  Refinery  
  62  4:54  Barracks x2  
  62  5:01  Siege Tank  
  62  5:03  SCV x2  
  64  5:13  Marine  
  63  5:15  SCV  
  63  5:17  SCV  
  65  5:22  Viking  
  65  5:27  SCV  
  61  5:29  SCV  
  61  5:33  Siege Tank  
  64  5:36  Marine  
  64  5:39  SCV  
  55  5:50  SCV  
  55  5:53  Marine  
  55  5:55  Marine x3  
  46  6:03  SCV x2  
  43  6:05  SCV  
  39  6:11  Marine  
  34  6:15  SCV  
Tags
 
Add a new tag
Caveats
  • Supply blocks, unpowered buildings, or Contaminate may cause inaccurate times.
  • Supply counts are checked every 10 seconds.